 Dungeon Crawl Stone Soup version 0.30-a0-576-g89cddaab80 (webtiles) character file.

Game seed: 14809048732113175377

6633 wormed the Covert (level 10, 0/53 HPs)
             Began as a Spriggan Hunter on Dec 31, 2022.
             Was a High Priest of Okawaru.
             Killed from afar by an acid dragon (19 damage)
             ... with a splash of acid
             ... on level 10 of the Dungeon.
             The game lasted 00:08:56 (7987 turns).

wormed the Covert (Spriggan Hunter)                 Turns: 7987, Time: 00:08:56

Health: 0/53       AC: -3    Str:  7    XL:     10   Next: 72%
Magic:  0/11       EV: 28    Int: 11    God:    Okawaru [*****.]
Gold:   425        SH:  0    Dex: 29    Spells: 9/9 levels left

rFire   . . .      SeeInvis +    P - +0 arbalest (flame)
rCold   . . .      Faith    .    (shield currently unavailable)
rNeg    + . .      Spirit   +    I - +0 troll leather armour
rPois   .          Reflect  .    (helmet restricted)
rElec   .          Harm     .    M - +0 cloak
rCorr   .          Rampage  .    (gloves unavailable)
Will    +....                    (boots unavailable)
Stlth   +++++                    j - amulet of guardian spirit
HPRegen 1.08/turn                s - ring of positive energy
MPRegen 0.12/turn                y - +6 ring of dexterity

@: corroded, very quick
A: very small, no large weapons, unfitting armour, see invisible, speed 3
a: Renounce Religion, Heroism, Finesse, Duel


You were on level 10 of the Dungeon.
You worshipped Okawaru.
Okawaru was extremely pleased with you.
You visited 2 branches of the dungeon, and saw 11 of its levels.

You collected 485 gold pieces.
You spent 60 gold pieces at shops.

Inventory:

Hand Weapons
 P - a +0 arbalest of flaming (weapon)
Missiles
 G - 5 throwing nets
Armour
 c - a +0 robe
 I - a +0 troll leather armour (worn)
 M - a +0 cloak (worn)
Jewellery
 d - a ring of wizardry
 j - an amulet of guardian spirit (around neck)
 s - a ring of positive energy (left hand)
 t - an amulet of the acrobat
 u - a ring of flight
 y - a +6 ring of dexterity (right hand)
 N - an amulet of magic regeneration
Wands
 l - a wand of iceblast (7)
 C - a wand of paralysis (7)
Scrolls
 b - 2 scrolls of immolation
 e - a scroll of enchant armour
 f - 6 scrolls of vulnerability {unknown}
 g - a scroll of magic mapping
 k - 3 scrolls of enchant weapon {unknown}
 m - 2 scrolls of noise {unknown}
 o - a scroll of silence
 q - 2 scrolls of poison {unknown}
 w - 2 scrolls of fog {unknown}
 x - 4 scrolls of blinking {unknown}
 F - 3 scrolls of teleportation {unknown}
 J - a scroll of amnesia
 K - a scroll of fear {unknown}
 L - 2 scrolls of identify
Potions
 h - 2 potions of resistance
 i - 4 potions of curing
 n - 2 potions of attraction
 p - 4 potions of flight
 r - a potion of cancellation
 v - a potion of brilliance {unknown}
 z - 4 potions of haste {unknown}
 A - 5 potions of heal wounds
 B - 3 potions of lignification {unknown}
 D - a potion of degeneration {unknown}
 H - a potion of berserk rage {unknown}
 O - a potion of might {unknown}


   Skills:
 + Level 6.3 Fighting
 * Level 11.2 Ranged Weapons
 + Level 10.0 Dodging
 + Level 11.4 Stealth


You had 9 spell levels left.
You didn't know any spells.
Your spell library contained the following spells:

 Spells                   Type           Power      Damage    Failure   Level
 Apportation              Tloc           0%         N/A       47%         1
 Cigotuvi's Dreadful Rot  Necr/Pois/Air  0%         N/A       63%         2
 Sublimation of Blood     Necr           0%         N/A       63%         2
 Wereblood                Tmut           0%         N/A       63%         2
 Ignite Poison            Fire/Tmut/Pois 0%         N/A       85%         3
 Kindle Blastsparks       Fire/Tloc/Air  0%         2d10      85%         3
 Dispel Undead            Necr           0%         3d6       99%         4
 Alistair's Intoxication  Tmut/Pois      0%         N/A       100%        5
 Blade Hands              Tmut           0%         N/A       100%        5
 Freezing Cloud           Conj/Ice/Air   0%         6-21      100%        5
 Irradiate                Conj/Tmut      0%         3d11      100%        5
 Yara's Violent Unravell  Hex/Tmut       0%         3d3       100%        5
 Dragon Form              Tmut           0%         N/A       100%        7
 Enfeeble                 Hex            0%         N/A       100%        7
 Death Channel            Necr           Unusable   N/A       N/A         6
 Summon Hydra             Summ           Unusable   N/A       N/A         7

Dungeon Overview and Level Annotations

Branches:
Dungeon (10/15)            Temple (1/1) D:7            Lair (0/5) D:8
    Orc: D:9-12

Altars:
Ashenzari
Cheibriados
Dithmenos
Elyvilon
Fedhas
Gozag
Hepliaklqana
Kikubaaqudgha
Makhleb
Nemelex Xobeh
Okawaru
Qazlal
Ru
Sif Muna
Trog
Uskayaw
Vehumet
Wu Jian
Xom
Yredelemnul
Zin
The Shining One

Shops:
D:9 !

Annotations:
D:4 1 runed translucent door, Heh's ghost, amateur OpBr


Innate Abilities, Weirdness & Mutations

You are very small and have problems with some larger weapons.
You are too small for most types of armour.
You have supernaturally acute eyesight. (SInv)
You cover ground extremely quickly. (Speed+++)


Message History

Okawaru accepts your kill.
You hear a shout!
An orc comes into view. It is wielding a +0 whip.
You shoot a bolt. The orc shouts!
The bolt hits the orc!
The bolt burns the orc.
You kill the orc!
Okawaru accepts your kill.
You hear a roar!
No target in view!
No target in view!
No target in view!
An acid dragon comes into view.
An acid dragon is nearby!
An acid dragon is nearby!
An acid dragon is nearby!
You shoot a bolt. The bolt barely misses the acid dragon.
You hear a shout! x2
An orc wizard comes into view. It is wielding a +0 dagger.
You shoot a bolt. The bolt hits the acid dragon!
The bolt burns the acid dragon.
The acid dragon is heavily wounded.
The acid dragon spits acid at you. The splash of acid hits you!!
The acid corrodes you!
You hear a shout!
The acid dragon spits acid at you. The splash of acid misses you.
You shoot a bolt.
The bolt closely misses the acid dragon.
You shoot a bolt. The bolt hits the acid dragon.
The bolt burns the acid dragon.
The acid dragon is severely wounded.
You hear a shout!
The acid dragon spits acid at you. The splash of acid hits you!!
* * * LOW HITPOINT WARNING * * *
The acid corrodes you! The acid dragon spits acid at you.
The splash of acid hits you!!
You die...

.. #..o. #..#...# ..#####...
#..#.#.# ........)# #......#
.........########. ## #....#.#
#............D.##.##~###......#
#.........####.##..~~~......###
#.........# #.###~~~~~##......
#.......#.####.#.~~~~~~~...####
#######.....##@#†~~~~~~~~......
#...._##.~~~~~~~~~~#.....
#.....##.~~~~~~....######
#.#.####.#~~~~~.)..#
#.#.##.....~~~~..).#
###+#'##.#...#~~~....#
#......#.#...##~~....#
#......#.###.##.~#####
##...##.## #.##.## ####


You could see an acid dragon (catching breath).

Vanquished Creatures
  Harold (D:9)
  2 two-headed ogres
  A gargoyle (D:9)
  2 trolls
  Grinder (D:3)
  Prince Ribbit (D:9)
  A shadow (D:9)
  A wyvern (D:9)
  A wraith (D:9)
  A water moccasin (D:9)
  2 orc warriors
  3 wolves (D:8)
  3 centaurs
  A kobold brigand (D:7)
  2 phantoms (D:5)
  A gnoll sergeant (D:7)
  8 bullfrogs
  A necrophage (D:8)
  15 killer bees
  3 electric eels
  6 hounds
  4 orc priests
  A jelly (D:5)
  Jessica (D:3)
  5 iguanas
  Ijyb (D:3)
  6 orc wizards
  Robin (D:3)
  14 gnolls
  6 adders
  2 shadow imps
  A white imp (D:7)
  An ufetubus (D:5)
  5 dart slugs
  A worm (D:4)
  22 orcs
  7 ball pythons
  6 bats
  6 endoplasms
  2 giant cockroaches (D:1)
  7 hobgoblins
  4 jackals (D:2)
  2 kobolds
  3 quokkas
  12 frilled lizards
  10 goblins
  5 rats
192 creatures vanquished.

Vanquished Creatures (others)
  6 kobolds (D:7)
  A plant (D:1)
7 creatures vanquished.

Grand Total: 199 creatures vanquished

Notes
Turn   | Place    | Note
-------+----------+-------------------------------------------
     0 | D:1      | wormed the Spriggan Hunter began the quest for the Orb.
     0 | D:1      | Reached XP level 1. HP: 10/10 MP: 2/2
    71 | D:1      | Reached XP level 2. HP: 15/15 MP: 3/3
   457 | D:1      | Reached XP level 3. HP: 17/18 MP: 4/4
   487 | D:1      | Found a faded altar of an unknown god.
  1164 | D:2      | Reached XP level 4. HP: 23/23 MP: 5/5
  1701 | D:3      | Noticed Jessica
  1705 | D:3      | Killed Jessica
  1706 | D:3      | Reached skill level 5 in Ranged Weapons
  1850 | D:3      | Found a sacrificial altar of Ru.
  1972 | D:3      | Noticed Grinder
  2035 | D:3      | Killed Grinder
  2036 | D:3      | Reached XP level 5. HP: 26/27 MP: 6/6
  2036 | D:3      | Reached XP level 6. HP: 30/32 MP: 7/7
  2175 | D:3      | Noticed Ijyb
  2194 | D:3      | Killed Ijyb
  2304 | D:3      | Found a burning altar of Makhleb.
  2312 | D:3      | Found a bloodstained altar of Trog.
  2445 | D:3      | Noticed Robin
  2488 | D:3      | Killed Robin
  2949 | D:4      | Noticed Heh's ghost (amateur OpBr)
  2994 | D:4      | Found an ornate altar of the Wu Jian Council.
  3124 | D:4      | Found a runed translucent door.
  3129 | D:4      | Reached skill level 5 in Stealth
  3401 | D:5      | Entered Level 5 of the Dungeon
  3427 | D:5      | Reached skill level 5 in Dodging
  3427 | D:5      | Reached XP level 7. HP: 36/36 MP: 8/8
  4876 | D:7      | Reached XP level 8. HP: 25/42 MP: 5/9
  5178 | D:7      | Found a shimmering blue altar of Sif Muna.
  5182 | D:7      | Found a shadowy altar of Dithmenos.
  5187 | D:7      | Found a radiant altar of Vehumet.
  5398 | D:7      | Found a staircase to the Ecumenical Temple.
  5439 | D:7      | Found a broken altar of Ashenzari.
  5481 | Temple   | Entered the Ecumenical Temple
  5528 | Temple   | Became a worshipper of Warmaster Okawaru
  5719 | D:8      | Noticed a troll
  5723 | D:8      | Killed a troll
  5805 | D:8      | Noticed a two-headed ogre
  5815 | D:8      | Killed a two-headed ogre
  5815 | D:8      | Reached * piety under Okawaru
  5816 | D:8      | Reached XP level 9. HP: 38/46 MP: 6/10
  6035 | D:8      | Reached ** piety under Okawaru
  6055 | D:8      | Reached skill level 5 in Fighting
  6112 | D:8      | Found a staircase to the Lair.
  6741 | D:9      | Noticed a gargoyle
  6745 | D:9      | Killed a gargoyle
  6841 | D:9      | Reached skill level 10 in Ranged Weapons
  6852 | D:10     | Entered Level 10 of the Dungeon
  6854 | D:10     | Reached skill level 10 in Stealth
  6936 | D:9      | Reached *** piety under Okawaru
  6937 | D:9      | Reached XP level 10. HP: 51/51 MP: 11/11
  7033 | D:9      | Found Geahiokko's Distillery.
  7035 | D:9      | Noticed Harold
  7130 | D:9      | Killed Harold
  7207 | D:9      | Reached **** piety under Okawaru
  7323 | D:9      | Bought a potion of heal wounds for 60 gold pieces
  7393 | D:9      | Noticed a two-headed ogre
  7421 | D:9      | Killed a two-headed ogre
  7476 | D:9      | Noticed Prince Ribbit
  7485 | D:9      | Killed Prince Ribbit
  7485 | D:9      | Reached ***** piety under Okawaru
  7788 | D:10     | Received a gift from Okawaru
  7898 | D:10     | Reached skill level 10 in Dodging
  7961 | D:10     | Found a hazy altar of Hepliaklqana.
  7987 | D:10     | Killed from afar by an acid dragon

Illustrated notes

Levels and vault maps discovered:
D:1:      shiori_arrival_maze, layout_basic, serial_forest,
          infiniplex_forest_clump_medium, infiniplex_forest_end_2,
          infiniplex_forest_lined_room_2, infiniplex_forest_3_way,
          infiniplex_forest_pool, infiniplex_forest_clump_small,
          infiniplex_forest_straight_5, hellmonk_ecumenical_altar_arch_garden
D:2:      layout_loops_cross, minmay_lizard_pond
D:3:      layout_loops_corners, mainiacjoe_overflow_paths,
          mainiacjoe_overflow_big_doors, serial_bayou_pond_a, uniq_jessica,
          uniq_ijyb, uniq_grinder, uniq_robin
D:4:      layout_gridville, kennysheep_mini, hellmonk_ghost_happy_afterlife,
          hangedman_decor_points
D:5:      layout_rooms
D:6:      layout_loops_cross
D:7:      layout_loops_cross, lemuel_doored_altar,
          grunt_temple_overflow_diamond, lemuel_temple_firewalk_b,
          dk_noncrumbling_3, chequers_serial_rivers_micro_d,
          hangedman_decor_slide_cut
D:8:      layout_basic, erik_lair_island
D:9:      layout_cave_pods, minmay_shop_grid_forest, uniq_prince_ribbit1,
          uniq_harold
D:10:     layout_basic, overflow_temple_1_default, ebering_ghost_funeral_grove,
          minmay_misc_feat_tower, minmay_misc_feat_room, nrook_campfire
Temple:   cyrus_circular_temple

Skill      XL: |  1  2  3  4  5  6  7  8  9 10 |
---------------+-------------------------------+-----
Stealth        | 2 3 4 5 6 8 10 11 | 11.4
Dodging        | 3 4 5 6 7 8 10 | 10.0
Fighting       | 2 3 4 5 6 |  6.3
Ranged Weapons | 5 6 7 8 10 11 | 11.2

Action                   |  1- 3 |  4- 6 |  7- 9 | 10-12 || total
-------------------------+-------+-------+-------+-------++-------
 Fire: Shortbow          |    99 |   131 |   100 |       ||   330
       Arbalest          |       |       |   175 |    91 ||   266
  Use: Scroll            |       |     2 |     7 |       ||     9
Armor: Robe              |       |     3 |     7 |       ||    10
       Troll leather arm |       |       |     5 |     1 ||     6
Dodge: Dodged            |    29 |    27 |   174 |    43 ||   273

Table legend: (Time is in decaauts)
 A = Elapsed time spent in this place.
 B = Non-inter-level travel time spent in this place.
 C = Inter-level travel time spent in this place.
 D = Time resting spent in this place.
 E = Time spent auto-exploring this place.
 F = Levels seen in this place.
 G = Mean time per level.
                   A        B        C        D        E       F      G
               +--------+--------+--------+--------+--------+-----+--------+
         Total |   5585 |   5395 |    190 |      0 |   4095 |  11 |  507.7 |
       Dungeon |   5548 |   5365 |    183 |      0 |   4074 |  10 |  554.8 |
        Temple |     37 |     30 |      7 |      0 |     20 |   1 |   37.0 |
               +--------+--------+--------+--------+--------+-----+--------+

Top non-repeatable levels by time:
     D:8: 763 daAuts
     D:3: 702 daAuts
     D:9: 689 daAuts
     D:1: 670 daAuts
     D:7: 669 daAuts
     D:6: 539 daAuts
     D:4: 469 daAuts
     D:2: 433 daAuts
     D:5: 401 daAuts
    D:10: 209 daAuts
  Temple: 37 daAuts
